 Dungeon Crawl Stone Soup version 0.26-a0-854-gdc81c2f471 (webtiles) character file.

Game seed: 2370413676975975740

382 Baz the Chucker (level 6, -4/65 HPs)
             Began as an Ogre Hunter on Nov 24, 2020.
             Killed from afar by an orc wizard (8 damage)
             ... with a magic dart
             ... on level 4 of the Dungeon.
             The game lasted 00:06:55 (4486 turns).

Baz the Chucker (Ogre Hunter)                       Turns: 4486, Time: 00:06:56

Health: -4/65      AC:  3    Str: 17    XL:     6   Next: 76%
Magic:  6/6        EV: 10    Int: 12    God:
Gold:   189        SH:  0    Dex: 11    Spells: 5/5 levels left

rFire    . . .     SeeInvis .   q - +2 rapier (flame)
rCold    . . .     Faith    .   (no shield)
rNeg     . . .     Spirit   .   b - +0 robe
rPois    .         Reflect  .   (helmet restricted)
rElec    .         Harm     .   (no cloak)
rCorr    .         Rampage  .   (gloves unavailable)
MR       .....                  (boots unavailable)
Stlth    +.........             y - amulet of regeneration
HPRegen  0.60/turn              (no ring)
MPRegen  0.10/turn              (no ring)

@: berserk cooldown, slowed, very slow
A: large, unfitting armour, tough skin 1
a: no special abilities


You were on level 4 of the Dungeon.
You visited 1 branch of the dungeon, and saw 4 of its levels.

You collected 189 gold pieces.

Inventory:

Hand Weapons
 q - a +2 rapier of flaming (weapon)
Missiles
 c - 4 large rocks
 d - 2 throwing nets
 f - 87 stones (quivered)
 l - 9 poisoned darts
 r - 2 javelins
 w - 6 atropa-tipped darts
Armour
 b - a +0 robe (worn)
 t - a +0 tower shield
Jewellery
 y - an amulet of regeneration (around neck)
Scrolls
 a - a scroll of identify
 g - a scroll of magic mapping
 h - 2 scrolls of amnesia
 k - a scroll of teleportation
 n - a scroll of random uselessness
Potions
 j - a potion of mutation
 m - 4 potions of curing
 o - a potion of flight
 p - 4 potions of attraction
 s - 3 potions of heal wounds
 v - a potion of brilliance


   Skills:
 + Level 4.9 Fighting
 + Level 1.3 Short Blades
 * Level 6.1 Throwing
 - Level 2.4 Dodging
 - Level 0.6 Stealth
 + Level 2.0 Shields


You had 5 spell levels left.
You didn't know any spells.
Your spell library was empty.

Dungeon Overview and Level Annotations

Branches:
Dungeon (4/15)             Temple (0/1) D:4

Altars:
Ashenzari
Cheibriados
Dithmenos
Fedhas
Qazlal
Uskayaw

Annotations:
D:2 1 runed translucent door, Crazy Yiuf


Innate Abilities, Weirdness & Mutations

You are too large for most types of armour.
You have tough skin. (AC +1)


Message History

You hear some strange, mumbled words.
A puff of frost appears from out of thin air!
The puff of frost hits you!
* * * LOW HITPOINT WARNING * * *
The orc throws a stone.
The stone hits you.
* * * LOW HITPOINT WARNING * * *
Your Shields skill increases to level 2!
You hear some strange, mumbled words.
A puff of frost appears from out of thin air!
The puff of frost misses you.
You puncture the orc! You burn the orc.
You kill the orc!
The orc throws a stone.
You are no longer berserk.
You are exhausted.
You feel yourself slow down.
You hear some strange, mumbled words.
A magic dart appears from out of thin air!
The magic dart hits you!
You die...

#.....# #######..........##.#
#.....# #................##.#
..#.....###......######.#####"#
................)# #..# #.#
...#...##........# ###.# #.#
....#.#..#.<.....## #...# #####
.#. #....#........# #.### §§ ..
#....#......o.o# #.# §§ .
W.W...W.....(@{# #.# §§
#....##...#####.# #.# §§
....#..#..# #(# #.# §# #
#....## #)# #.# 8#
..#...######.####.# §#
............).....### §§
...................# §§
............#### §§
.######.##.....# §§


You could see a phantom and 2 orcs.

Vanquished Creatures
  A bullfrog (D:3)
  A scorpion (D:4)
  An orc priest (D:4)
  A hound (D:4)
  2 orc wizards (D:4)
  Terence (D:3)
  3 adders
  3 oozes
  An adder skeleton (D:3)
  2 worms
  2 dart slugs (D:1)
  A leopard gecko (D:3)
  9 orcs
  8 bats
  3 giant cockroaches
  8 goblins
  6 hobgoblins
  3 jackals (D:1)
  2 quokkas
  4 frilled lizards
  8 kobolds
  A leopard gecko skeleton (D:4)
  6 rats
77 creatures vanquished.

Notes
Turn   | Place    | Note
-------+----------+-------------------------------------------
     0 | D:1      | Baz the Ogre Hunter began the quest for the Orb.
     0 | D:1      | Reached XP level 1. HP: 22/22 MP: 1/1
   286 | D:1      | Reached XP level 2. HP: 27/31 MP: 2/2
   700 | D:1      | Reached XP level 3. HP: 18/37 MP: 3/3
  1633 | D:2      | Reached XP level 4. HP: 45/45 MP: 4/4
  1898 | D:2      | Found a runed translucent door.
  1899 | D:2      | Noticed Crazy Yiuf
  1919 | D:2      | Found a hide-covered altar of Uskayaw.
  2518 | D:3      | Noticed a bullfrog
  2525 | D:3      | Killed a bullfrog
  2526 | D:3      | Reached skill level 5 in Throwing
  2526 | D:3      | Reached XP level 5. HP: 12/54 MP: 5/5
  2773 | D:3      | Reached skill level 1 in Shields
  2910 | D:3      | Noticed Terence
  2930 | D:3      | Killed Terence
  3056 | D:3      | Found a broken altar of Ashenzari.
  3334 | D:3      | Found a blossoming altar of Fedhas.
  3344 | D:3      | Found a shadowy altar of Dithmenos.
  3610 | D:3      | Found a snail-covered altar of Cheibriados.
  3834 | D:4      | Found a stormy altar of Qazlal.
  3931 | D:4      | Reached XP level 6. HP: 48/63 MP: 6/6
  3943 | D:4      | Reached skill level 1 in Short Blades
  4449 | D:4      | Found a staircase to the Ecumenical Temple.
  4462 | D:4      | Reached skill level 6 in Throwing
  4466 | D:4      | Noticed a phantom
  4483 | D:4      | HP: 4/97 [orc/stone (1)]
  4486 | D:4      | Killed from afar by an orc wizard

Illustrated notes

Levels and vault maps discovered:
D:1:      saegor_arrival_simple_b, layout_loops_ring
D:2:      layout_loops_ring, lemuel_crystal_altar, minivault_14,
          uniq_crazy_yiuf_cottage
D:3:      layout_loops_ring, lemuel_coloured_pillars_altar, lemuel_doored_altar,
          nicolae_overflow_hidden_temple, uniq_terence
D:4:      layout_basic, nicolae_qazlal_eye_of_the_storm,
          nicolae_ru_great_annihilating_truth, minmay_temple_entry_mini_moons,
          uniq_eustachio

Skill      XL: |  1  2  3  4  5  6 |
---------------+-------------------+-----
Fighting       | 3 4 |  4.9
Dodging        | 2 |  2.4
Throwing       | 5 6 |  6.1
Shields        | 1 2 |  2.0
Short Blades   | 1 |  1.3
Stealth        | |  0.6

Action                   |  1- 3 |  4- 6 || total
-------------------------+-------+-------++-------
Melee: Short sword       |   136 |       ||   136
       Rapier            |       |   100 ||   100
Throw: Stone             |     7 |    17 ||    24
       Large rock        |     1 |     3 ||     4
       Dart              |       |     8 ||     8
  Use: Scroll            |       |    13 ||    13
       Potion            |       |     1 ||     1
 Stab: Sleeping          |     2 |     4 ||     6
Armor: Robe              |    53 |    33 ||    86
Dodge: Dodged            |   114 |    67 ||   181

Table legend: (Time is in decaauts)
 A = Elapsed time spent in this place.
 B = Non-inter-level travel time spent in this place.
 C = Inter-level travel time spent in this place.
 D = Time resting spent in this place.
 E = Time spent auto-exploring this place.
 F = Levels seen in this place.
 G = Mean time per level.
                   A        B        C        D        E       F      G
               +--------+--------+--------+--------+--------+-----+--------+
         Total |   4522 |   4370 |    152 |   1025 |   2497 |   4 | 1130.5 |
       Dungeon |   4522 |   4370 |    152 |   1025 |   2497 |   4 | 1130.5 |
               +--------+--------+--------+--------+--------+-----+--------+

Top non-repeatable levels by time:
     D:1: 1365 daAuts
     D:2: 1349 daAuts
     D:3: 1108 daAuts
     D:4: 698 daAuts
